[Event "Early-Titled-Tuesday-Blitz-February-20-2024"]
[Site "Chess.com"]
[Date "2024.02.20"]
[Round "2"]
[White "Karina_Ivanova"]
[Black "Lennis93"]
[Result "0-1"]
[WhiteElo "2285"]
[BlackElo "2699"]
[TimeControl "180+1"]
[EndTime "8:17:05 PST"]
[Termination "Lennis93 won by resignation"]

1. e4 c5 2. Nf3 a6 3. d4 cxd4 4.
Nxd4 Nf6 5. Nc3 e5 6. Nb3 Bb4 7. Qd3 d5 8. exd5 Qxd5 9. Qxd5 Nxd5 10. Bd2 Nxc3 11. Bxc3 Bxc3+ 12. bxc3 Nc6 13. Bc4 Ke7 14. O-O Bf5 15. Bd3 Bxd3 16. cxd3 Rhd8 17. Rad1 Rac8 18.
Rfe1 f6 19. f4 Kf7 20. fxe5 Nxe5 21. d4 Nc4 22. Nc5 Nd6 23. Rb1 b5 24. Rbc1 Rc6 25.
Kf2 Rdc8 26. Ke3 Nc4+ 27. Kd3 Nb6 28. Kd2 Rd8 29. Ke3 Rd5 30. Kf2 Nd7 31. Nxd7 Rxd7 32. Re2 Rxd4 33. cxd4 Rxc1 34. Rd2 Ke6 35. d5+ Kd6 36.
Ke3 Rc4 0-1

[Event "Early-Titled-Tuesday-Blitz-February-20-2024"]
[Site "Chess.com"]
[Date "2024.02.20"]
[Round "2"]
[White "NewYearGirl"]
[Black "brm72"]
[Result "0-1"]
[WhiteElo "2363"]
[BlackElo "2623"]
[TimeControl "180+1"]
[EndTime "8:17:05 PST"]
[Termination "brm72 won by resignation"]

1. e4 c5 2. Nf3 d6 3. d4 cxd4 4. Nxd4 Nf6 5. Nc3 Nc6 6. Bg5 e6 7. Qd2 a6 8. O-O-O h6 9. Be3 Be7 10. f4 O-O 11. Be2 Nxd4 12. Bxd4 b5 13. Qe3 Bb7 14. g4 b4 15. Nd5 exd5 16. e5 dxe5 17.
Bxe5 Ne4 18. h4 Bf6 19. Bxf6 Qxf6 20. g5 Qe6 21. f5 Qxf5 22. Rdf1 Qe6 23. Rhg1 Nxg5 24.
Qd4 Qxe2 25. hxg5 hxg5 26. Rf2 Qe4 27. Qd2 Rfe8 28. Rxg5 Qe1+ 29. Qxe1 Rxe1+ 30. Kd2 Re6 31. Rfg2 g6 32. Rh2 Kg7 33. Rg4 Rae8 34. Rxb4 Bc6 35. a4 a5 36. Rb6 Bxa4 37. b3 Rxb6 0-1

[Event "Early-Titled-Tuesday-Blitz-February-20-2024"]
[Site "Chess.com"]
[Date "2024.02.20"]
[Round "2"]
[White "VladimirKramnik"]
[Black "soloderisas"]
[Result "1-0"]
[WhiteElo "2951"]
[BlackElo "2616"]
[TimeControl "180+1"]
[EndTime "8:17:06 PST"]
[Termination "VladimirKramnik won on time"]

1. e4 e5 2. Nf3 Nc6 3. g3 Nf6 4. d3 Bc5 5. Bg2 d6 6. c3 a6 7. O-O h6 8. Re1 O-O 9. b4 Ba7 10. a4 Ne7 11. h3 Ng6 12. Nbd2 Bd7 13. d4 Re8 14. Bb2 Nh7 15. Qc2 Qc8 16. Kh2 Ng5 17. Nxg5 hxg5 18. Nf1 Kh7 19. Ne3 Rh8 20. Nf5 Kg8 21.
Rad1 Qe8 22. Qe2 Bxa4 23. Rd2 Bd7 24. Qg4 Qd8 25. Kg1 Qf6 26. Rd3 exd4 27. cxd4 Bxf5 28. Qxf5 Ne7 29. Qxf6 gxf6 30. e5 fxe5 31. dxe5 d5 32. e6 Rh7 33. Bf6 Re8 34. Bxg5 fxe6 35. Rxe6 c6 36. Rf3 Rf7 37. h4 Rxf3 38. Bxf3 Bb6 39.
Bh5 1-0

[Event "Early-Titled-Tuesday-Blitz-February-20-2024"]
[Site "Chess.com"]
[Date "2024.02.20"]
[Round "2"]
[White "lachesisQ"]
[Black "Orest_Vovk"]
[Result "1-0"]
[WhiteElo "3050"]
[BlackElo "2653"]
[TimeControl "180+1"]
[EndTime "8:17:09 PST"]
[Termination "lachesisQ won by resignation"]

1. e4 g5 2. d4 g4 3. Nc3 Bg7 4.
Be3 h5 5. Qd2 d6 6. O-O-O c6 7.
f4 Qa5 8. Kb1 Be6 9. f5 Bd7 10.
Nge2 b5 11. Nf4 b4 12. Nce2 Nf6 13. Ng3 h4 14. e5 hxg3 15. exf6 Bxf6 16. Be2 gxh2 17.
Bxg4 Bxf5 18. Bf3 d5 19. Nh5 Nd7 20. Rxh2 O-O-O 21. Rdh1 Nb6 22. b3 Nd7 23. g4 Bg6 24. g5 Bxh5 25. Bxh5 Bg7 26. Bxf7 Rxh2 27. Rxh2 Qb5 28.
Qg2 e5 29. Rh7 exd4 30. Bf4 Be5 31. Bxe5 Nxe5 32. Be6+ Kb8 33. Qg3 Qf1+ 34. Kb2 d3 35. Qxe5+ Ka8 36. Qc7 1-0

[Event "Early-Titled-Tuesday-Blitz-February-20-2024"]
[Site "Chess.com"]
[Date "2024.02.20"]
[Round "2"]
[White "Sammed_Shete"]
[Black "Rosh1610"]
[Result "1-0"]
[WhiteElo "2737"]
[BlackElo "2367"]
[TimeControl "180+1"]
[EndTime "8:17:09 PST"]
[Termination "Sammed_Shete won on time"]

1. Nf3 d5 2. c4 d4 3. e3 c5 4. b4 Nc6 5. b5 Nb8 6. g3 Bg4 7. Bg2 Nd7 8. h3 Bxf3 9. Qxf3 Rb8 10. exd4 cxd4 11. O-O Ngf6 12. Re1 e6 13. Ba3 Bxa3 14.
Qxa3 Qc7 15. d3 Qc5 16. Qb2 O-O 17. Nd2 e5 18. Re2 a6 19. Rb1 Nb6 20. Nb3 Qc7 21. Rbe1 Rfe8 22. bxa6 bxa6 23. Qa3 Rbd8 24. Qxa6 Nh5 25.
Qa5 f5 26. c5 Nd5 27. Bxd5+ 1-0

[Event "Early-Titled-Tuesday-Blitz-February-20-2024"]
[Site "Chess.com"]
[Date "2024.02.20"]
[Round "2"]
[White "bylavochka"]
[Black "KononenkoD"]
[Result "1-0"]
[WhiteElo "2311"]
[BlackElo "2510"]
[TimeControl "180+1"]
[EndTime "8:17:09 PST"]
[Termination "bylavochka won by checkmate"]

1. e4 d5 2. exd5 Qxd5 3. Nc3 Qa5 4. Be2 Nf6 5. d4 c6 6. Be3 g6 7. Nf3 Bg7 8. O-O O-O 9. h3 Nd5 10. Nxd5 cxd5 11. c3 Nc6 12. Qd2 Bf5 13. Bh6 Be4 14. Nh2 b5 15. Ng4 b4 16. Rfc1 bxc3 17. bxc3 Bf5 18.
Bxg7 Kxg7 19. Qh6+ Kg8 20. Bf3 Bxg4 21. hxg4 e6 22. g3 Qc7 23. Kg2 Rab8 24. Rh1 f6 25. Rae1 Nd8 26. Rc1 Qg7 27. Qe3 Rf7 28. c4 Rd7 29.
cxd5 exd5 30. Qe8+ Qf8 31. Qxd7 Nf7 32. Bxd5 h5 33.
gxh5 g5 34. h6 Kh7 35. Bxf7 Rd8 36. Qf5+ Kh8 37. Rc7 Rd6 38. Bd5 Qe7 39. Rxe7 Rxd5 40. Qh7# 1-0

[Event "Early-Titled-Tuesday-Blitz-February-20-2024"]
[Site "Chess.com"]
[Date "2024.02.20"]
[Round "2"]
[White "AnishOnYoutube"]
[Black "sofaceindisguise"]
[Result "1/2-1/2"]
[WhiteElo "3003"]
[BlackElo "2649"]
[TimeControl "180+1"]
[EndTime "8:17:10 PST"]
[Termination "Game drawn by agreement"]

1. e4 c5 2. Nf3 Nc6 3. Bb5 e6 4. O-O Nge7 5. Re1 Nd4 6. Nxd4 cxd4 7. c3 a6 8. Bf1 Nc6 9. b4 Be7 10. a4 Bf6 11. Qb3 O-O 12. Na3 d5 13. exd5 exd5 14. Bb2 Be6 15. b5 Na5 16. Qc2 dxc3 17. Bxc3 d4 18.
Bxa5 Qxa5 19. Bd3 g6 20. Rxe6 fxe6 21. Nc4 Qc7 22. b6 Qc5 23. Re1 Rac8 24. Qd1 Qd5 25. Qe2 Kg7 26. Rc1 Rc5 27. Be4 d3 28. Bxd3 Rd8 29.
Be4 Qxd2 30. Nxd2 Rxc1+ 31. Nf1 Rdd1 32. Bxb7 Rxf1+ 33. Qxf1 Rxf1+ 34. Kxf1 Bd4 35. a5 Bc3 36. Bxa6 Bxa5 37. b7 Bc7 38. g3 Kf6 39. Ke2 Ke5 40.
Bc4 Bb8 41. Kd3 Ba7 42. f4+ Kd6 43. Ke4 Kc7 44. Bxe6 Kxb7 45. Bg8 h6 46. Ke5 Bg1 47. h4 Bf2 48. g4 Bxh4 49. Ke6 Bg3 50. Kf6 Bxf4 51.
Kxg6 1/2-1/2

[Event "Early-Titled-Tuesday-Blitz-February-20-2024"]
[Site "Chess.com"]
[Date "2024.02.20"]
[Round "2"]
[White "Kotofeyca"]
[Black "sokidze"]
[Result "0-1"]
[WhiteElo "2400"]
[BlackElo "2782"]
[TimeControl "180+1"]
[EndTime "8:17:10 PST"]
[Termination "sokidze won by resignation"]

1. d4 Nf6 2. c4 e6 3. Nf3 d5 4. cxd5 exd5 5. Nc3 c6 6. Bg5 h6 7. Bh4 Bf5 8. e3 Nbd7 9. Bd3 Bxd3 10. Qxd3 Bd6 11.
O-O O-O 12. Rab1 Re8 13. b4 b5 14. a4 a6 15. a5 Qe7 16. Na2 Qe6 17. Nd2 Ne4 18. Nxe4 dxe4 19. Qb3 Qg4 20. Bg3 Bxg3 21. fxg3 Nf6 22. Rf4 Qe2 23. Rb2 Qd3 24. Nc1 Qc4 25. Qxc4 bxc4 26. Rc2 Nd5 27. Rxc4 Nxe3 28. Rxc6 Nd5 29.
Rf5 Ne7 30. Rfc5 Nxc6 31. Rxc6 Rac8 32. Rc5 Rxc5 33. bxc5 Rd8 34. Nb3 Rb8 35. Nd2 e3 36.
Kf1 exd2 37. Ke2 Rd8 0-1

[Event "Early-Titled-Tuesday-Blitz-February-20-2024"]
[Site "Chess.com"]
[Date "2024.02.20"]
[Round "2"]
[White "Skatchkov_V"]
[Black "Sam_ChessMood"]
[Result "0-1"]
[WhiteElo "2614"]
[BlackElo "2935"]
[TimeControl "180+1"]
[EndTime "8:17:12 PST"]
[Termination "Sam_ChessMood won by resignation"]

1. d4 Nf6 2. c4 e6 3. Nf3 d5 4. g3 Bb4+ 5. Bd2 a5 6. Bg2 O-O 7.
Qc2 c5 8. cxd5 cxd4 9. Nxd4 Qb6 10. e3 exd5 11. O-O Nc6 12. Nxc6 bxc6 13. Rc1 Rb8 14.
Bxb4 Qxb4 15. b3 Bd7 16. Nd2 Rfc8 17. a3 Qd6 18. Qc5 Qc7 19. Ra2 Rb5 20. Qc3 c5 21.
Bf1 Rbb8 22. Rac2 Bf5 23. Bd3 Bxd3 24. Qxd3 Qb7 25. Rxc5 Rxc5 26. Rxc5 Qb6 27. Qd4 Qd8 28. b4 axb4 29. axb4 h6 30. b5 Qa5 31. Qe5 Re8 32. Qc3 Qa4 33. b6 Nd7 34. Rc6 d4 35. Qxd4 Qxc6 0-1

[Event "Early-Titled-Tuesday-Blitz-February-20-2024"]
[Site "Chess.com"]
[Date "2024.02.20"]
[Round "2"]
[White "FoxOnTheRun97"]
[Black "InitiatingASC"]
[Result "1-0"]
[WhiteElo "2676"]
[BlackElo "2381"]
[TimeControl "180+1"]
[EndTime "8:17:12 PST"]
[Termination "FoxOnTheRun97 won by checkmate"]

1. d4 d5 2. Bf4 Bf5 3. e3 e6 4. Nd2 Nd7 5. Ngf3 Ngf6 6. Bd3 Bd6 7.
Ne5 Ne4 8. f3 Nxd2 9. Qxd2 Nxe5 10. dxe5 Be7 11. O-O-O Bxd3 12. Qxd3 c6 13. e4 Qa5 14. Kb1 O-O-O 15. exd5 Rxd5 16. Qe2 Rhd8 17. Rxd5 Qxd5 18. a3 h5 19. Bc1 Bc5 20. Rf1 g6 21. g4 hxg4 22. fxg4 Rd7 23. h4 Bd4 24. Bf4 Qa5 25.
h5 gxh5 26. gxh5 Qb6 27. Bc1 Qc5 28. Re1 Rd5 29. Qf1 Rxe5 30. Rxe5 Qxe5 31. Qxf7 Qf5 32. Qg8+ Kc7 33. h6 Kb6 34. h7 Bf6 35. h8=Q Bxh8 36. Qxh8 Qd5 37. Qc3 a6 38. Be3+ Kc7 39. b3 Qd1+ 40.
Kb2 Qd5 41. Bf4+ Kc8 42. Qh8+ Kd7 43. Qg7+ Kc8 44. Qc7# 1-0

[Event "Early-Titled-Tuesday-Blitz-February-20-2024"]
[Site "Chess.com"]
[Date "2024.02.20"]
[Round "2"]
[White "AnaKuchava"]
[Black "Chessdreamer2001"]
[Result "0-1"]
[WhiteElo "2204"]
[BlackElo "2487"]
[TimeControl "180+1"]
[EndTime "8:17:13 PST"]
[Termination "Chessdreamer2001 won by resignation"]

1. d4 Nf6 2. Nf3 g6 3. c4 Bg7 4. Nc3 d6 5. e4 O-O 6. Be2 Nbd7 7.
Kf1 e5 8. d5 Qe7 9. h4 Nc5 10.
Qc2 a5 11. h5 Nxh5 12. Ng5 Nf4 13. Nxh7 Re8 14. g3 Nxe2 15. Qxe2 f6 16. f3 Kf7 17.
Bh6 Rh8 18. Bxg7 Kxg7 19. Qh2 Bd7 20. Qh6+ Kf7 21. Kg2 Rag8 22. Rh2 Ke8 23. Rah1 Kd8 24. Qe3 Kc8 25. f4 exf4 26. gxf4 Rg7 27. e5 Rgxh7 28. Rxh7 Rxh7 29. Rxh7 Qxh7 30. exf6 Qf7 31. Qe7 Qxe7 32. fxe7 Be8 33. Ne2 Kd7 34. Nd4 Kxe7 35. a3 Kf6 36. b4 axb4 37. axb4 Nd3 38. b5 Nxf4+ 39. Kf3 g5 40. b6 Bh5+ 41. Ke4 Bg6+ 42. Kf3 cxb6 43. Nb5 Ke5 0-1

[Event "Early-Titled-Tuesday-Blitz-February-20-2024"]
[Site "Chess.com"]
[Date "2024.02.20"]
[Round "2"]
[White "DonJuan_34"]
[Black "JaackCamel"]
[Result "1-0"]
[WhiteElo "2486"]
[BlackElo "2198"]
[TimeControl "180+1"]
[EndTime "8:17:13 PST"]
[Termination "DonJuan_34 won on time"]

1. d4 d5 2. c4 e6 3. Nc3 c6 4. e4 dxe4 5. Nxe4 Bb4+ 6. Bd2 Qxd4 7. Bxb4 Qxe4+ 8. Ne2 Na6 9. Bf8 Ne7 10. Bxg7 Nb4 11. Bxh8 e5 12. Qd6 Nd3+ 13. Kd2 Bf5 14. Bf6 Ng8 15. f3 Nxf6 16. Qxf6 Qxc4 17. Qh8+ Ke7 18. Qxa8 Nb4 19. Nc3 Qd4+ 20. Ke1 Nc2+ 21. Ke2 Qe3+ 22. Kd1 Nd4 23. Qxb7+ Kf6 24. Ne4+ Kg7 25. Bc4 1-0

[Event "Early-Titled-Tuesday-Blitz-February-20-2024"]
[Site "Chess.com"]
[Date "2024.02.20"]
[Round "2"]
[White "ExchangeAB"]
[Black "mary-sanna"]
[Result "0-1"]
[WhiteElo "2435"]
[BlackElo "2154"]
[TimeControl "180+1"]
[EndTime "8:17:13 PST"]
[Termination "mary-sanna won by resignation"]

1. d4 d5 2. Nf3 Nf6 3. c3 c5 4.
e3 Bg4 5. dxc5 e6 6. b4 a5 7.
Qb3 b6 8. Bb5+ Ke7 9. c6 Bxf3 10. gxf3 Qc7 11. bxa5 Rxa5 12. Ba3+ Ke8 13. Bxf8 Kxf8 14. Qb4+ Kg8 15. a4 Nxc6 16. Bxc6 Qxc6 17. Nd2 h6 18.
Rg1 Kh7 19. c4 Rha8 20. cxd5 Nxd5 21. Qb1+ g6 22. h4 Nc3 23. Qd3 Rxa4 24. Rc1 Ra1 25. Qc2 Rxc1+ 26. Qxc1 Rc8 27. Rg4 Qb5 28. Nc4 Rxc4 29.
Rxc4 Qxc4 30. Kd2 Qe2+ 31. Kxc3 Qxf3 32. Qd2 Qc6+ 33. Kb3 Qd5+ 34. Qxd5 exd5 35. Kb4 Kg7 36. Kb5 Kf6 37. Kxb6 Ke5 38. Kc5 f6 39. Kc6 h5 40. Kc5 g5 41. f4+ gxf4 42. exf4+ Kxf4 43. Kxd5 Kg4 44. Ke6 f5 45. Kf6 f4 46. Ke5 f3 0-1

[Event "Early-Titled-Tuesday-Blitz-February-20-2024"]
[Site "Chess.com"]
[Date "2024.02.20"]
[Round "2"]
[White "zurzan"]
[Black "Schattman"]
[Result "0-1"]
[WhiteElo "2056"]
[BlackElo "2437"]
[TimeControl "180+1"]
[EndTime "8:17:13 PST"]
[Termination "Schattman won by resignation"]

1. c4 g6 2. h4 h5 3. Nc3 Bg7 4. g3 c5 5. Bg2 Nc6 6. d3 d6 7. e4 Bg4 8. Qb3 Qc8 9. f3 Nd4 10. Qd1 Bd7 11. Nge2 e6 12. Nxd4 Bxd4 13. Ne2 Bg7 14. Rb1 a5 15. Bd2 Ne7 16. Bc3 Bxc3+ 17.
Nxc3 O-O 18. O-O Bc6 19. g4 d5 20. gxh5 dxc4 21. dxc4 Qd8 22. Qe2 Qd4+ 23. Kh1 gxh5 24. Rg1 Kh8 25. Bh3 Rg8 26. Rbd1 Qf6 27. Qf2 b6 28.
Rxg8+ Rxg8 29. Rg1 Rxg1+ 30. Kxg1 Ng6 31. Qd2 Qxh4 32.
Qh6+ Kg8 33. Bg2 Qe1+ 34. Kh2 h4 35. Qg5 Kg7 36. f4 Qe3 37. Ne2 Bxe4 38. Bxe4 Qxe2+ 39. Bg2 Qe3 40. Qd8 Qxf4+ 41. Kg1 Qd4+ 42. Kh2 Qxd8 0-1

[Event "Early-Titled-Tuesday-Blitz-February-20-2024"]
[Site "Chess.com"]
[Date "2024.02.20"]
[Round "2"]
[White "ilya2700"]
[Black "Andrei_Skvortsov"]
[Result "0-1"]
[WhiteElo "2335"]
[BlackElo "2718"]
[TimeControl "180+1"]
[EndTime "8:17:14 PST"]
[Termination "Andrei_Skvortsov won by resignation"]

1. d4 g6 2. c4 Bg7 3. e4 e6 4. Nc3 Ne7 5. Nf3 d5 6. cxd5 exd5 7. e5 Nd7 8. Bd3 f6 9. exf6 Nxf6 10. O-O O-O 11.
Ne5 Nf5 12. Bc2 c6 13. Bg5 Qb6 14. Ne2 Qxb2 15. a4 Qb4 16. Rb1 Qa5 17. Bd2 Qc7 18.
Bb4 Re8 19. Nf3 Nd6 20. Ng3 Nfe4 21. Nxe4 Nxe4 22. Re1 Bf5 23. Rc1 Bh6 24. Rb1 a5 25. Ba3 Nc3 26. Rxe8+ Rxe8 27. Qf1 Bxc2 28. Rb2 Ne2+ 29.
Kh1 Bd3 30. Qd1 Ba6 31. Ne5 Nxd4 32. Ng4 Bg7 33. Rd2 Nf5 34. h3 h5 35. Ne3 Nxe3 36. fxe3 Rxe3 37. Bc1 Qf7 38. Qg1 Re2 39. Rxe2 Bxe2 40.
Be3 Qf1 41. Kh2 Be5+ 42. g3 Qxg1+ 43. Bxg1 Bd1 44. h4 Bxa4 45. Kh3 Bd1 46. Be3 a4 47. Bc1 Kf7 48. g4 Bxg4+ 49. Kg2 Ke6 50. Ba3 Kf5 51. Kf2 Ke4 52. Bc1 Bd4+ 53. Kg2 Kd3 54. Kg3 Be5+ 55. Kg2 Ke2 56. Ba3 d4 57. Bc5 d3 58.
Bb4 b6 59. Kg1 c5 60. Ba3 d2 61. Kg2 c4 62. Bc5 b5 63. Bb4 a3 64. Bxa3 d1=Q 0-1

[Event "Early-Titled-Tuesday-Blitz-February-20-2024"]
[Site "Chess.com"]
[Date "2024.02.20"]
[Round "2"]
[White "secrethawk1"]
[Black "Agentxya"]
[Result "1-0"]
[WhiteElo "2478"]
[BlackElo "2155"]
[TimeControl "180+1"]
[EndTime "8:17:14 PST"]
[Termination "secrethawk1 won by checkmate"]

1. Nf3 Nf6 2. d4 d5 3. Bf4 c5 4. e3 Nc6 5. c3 Qb6 6. Qc2 g6 7. Nbd2 Bf5 8. Qb3 c4 9. Qxb6 axb6 10. a3 b5 11. Rc1 Bg7 12. h3 h5 13. Be2 Ne4 14.
Bh2 Bf6 15. O-O O-O 16. Nxe4 Bxe4 17. Nd2 Bf5 18. f3 Bg5 19. f4 Bf6 20. Bf3 Rfd8 21.
Rfe1 Bd3 22. Kh1 e6 23. e4 dxe4 24. Nxe4 Bxe4 25. Bxe4 Be7 26. Rcd1 f6 27. Bxg6 e5 28. fxe5 fxe5 29. d5 Na5 30. Bxe5 Bd6 31. Bxh5 Nb3 32.
Bf6 Nc5 33. Bxd8 Rxd8 34. Bg6 Kg7 35. Bf5 Bf8 36. Re2 Kf6 37. Bc2 Bg7 38. Rf1+ Kg5 39.
Re7 Bf6 40. Rf5+ Kh4 41. Rh7+ Kg3 42. Rf3# 1-0

[Event "Early-Titled-Tuesday-Blitz-February-20-2024"]
[Site "Chess.com"]
[Date "2024.02.20"]
[Round "2"]
[White "David_George21"]
[Black "ProChessWICTH"]
[Result "1-0"]
[WhiteElo "2316"]
[BlackElo "2514"]
[TimeControl "180+1"]
[EndTime "8:17:15 PST"]
[Termination "David_George21 won by resignation"]

1. e4 c6 2. d4 d5 3. Nc3 dxe4 4.
Nxe4 Nf6 5. Ng3 g6 6. Nf3 Bg7 7. Bd3 O-O 8. h4 h5 9. c3 Nbd7 10. Bg5 c5 11. Qe2 cxd4 12. Nxd4 Nc5 13. Bc2 Bg4 14. f3 Qc7 15. Kf2 e5 16. Nb5 Qb6 17. Be3 Bd7 18. a4 a6 19. b4 axb5 20. Bxc5 Qc7 21.
a5 Rfe8 22. Ne4 Nxe4+ 23. Bxe4 f5 24. Bd5+ Be6 25. Bxe6+ Rxe6 26. Qxb5 e4 27. Qc4 Re8 28. Rhe1 Kh7 29. Rad1 Qh2 30. Rh1 Qf4 31. Be3 Qe5 32. Bd4 Qb8 33. Rde1 Bxd4+ 34. Qxd4 exf3 35. Rxe6 Rxe6 36. Qd7+ Kh6 37. Qxe6 fxg2 38. Kxg2 Qf4 39. Qe2 Qc7 40.
Qe3+ f4 41. Qf3 Qe5 42. Rf1 Qf6 43. Qxf4+ Qxf4 44. Rxf4 1-0

[Event "Early-Titled-Tuesday-Blitz-February-20-2024"]
[Site "Chess.com"]
[Date "2024.02.20"]
[Round "2"]
[White "PavelChernomordik"]
[Black "abeljusto"]
[Result "1-0"]
[WhiteElo "2437"]
[BlackElo "2081"]
[TimeControl "180+1"]
[EndTime "8:17:15 PST"]
[Termination "PavelChernomordik won on time"]

1. e4 c5 2. Nc3 Nc6 3. Bb5 Nd4 4. Bc4 a6 5. a4 e6 6. Nge2 Nc6 7. O-O Nf6 8. Re1 Be7 9. f4 d5 10. e5 dxc4 11.
exf6 Bxf6 12. Ng3 O-O 13. Nce4 Be7 14. Qe2 Qd5 15. Rd1 Nd4 16. Qf1 Nxc2 17. Rb1 Nb4 18.
Nc3 Qd4+ 19. Kh1 Nd3 20. Nge2 Qd7 21. b3 b5 22. bxc4 b4 23. Ne4 Qxa4 24. Bb2 Nxb2 25. Rxb2 Bb7 26. d3 Qc6 27. N2g3 a5 28. f5 exf5 29.
Nxf5 Rae8 30. Rf2 Qe6 31. Re1 Bd8 32. Rfe2 Qg6 33. Nxc5 Rxe2 34. Rxe2 Bc6 35. d4 a4 36. d5 Be8 37. Nb7 b3 38. Nxd8 Bd7 39. Ne7+ 1-0

[Event "Early-Titled-Tuesday-Blitz-February-20-2024"]
[Site "Chess.com"]
[Date "2024.02.20"]
[Round "2"]
[White "ChessQueen"]
[Black "Witty_Alien"]
[Result "1-0"]
[WhiteElo "2719"]
[BlackElo "2337"]
[TimeControl "180+1"]
[EndTime "8:17:17 PST"]
[Termination "ChessQueen won by resignation"]

1. Nf3 g5 2. Nxg5 e5 3. Nf3 e4 4. Nd4 c5 5. Nb3 a5 6. d3 a4 7.
N3d2 e3 8. fxe3 d5 9. Nf3 Bd6 10. Nc3 Nf6 11. e4 d4 12. e5 Ng4 13. exd6 a3 14.
b4 Nc6 15. Nb5 Nxb4 16. Nc7+ Kf8 17. Bf4 Ne3 18. Bh6+ Kg8 19. Bxe3 dxe3 20. c3 Qxd6 21. cxb4 Qxc7 22. Qc1 Qf4 23. Qxc5 Bf5 24. g3 Qg4 25. Qd4 Qg6 26. Bg2 Rc8 27. O-O Bg4 28. Ne5 Qg7 29. Qxg4 Qxg4 30. Nxg4 Rc2 31. Nh6+ Kg7 32.
Nf5+ Kf6 33. Nd4+ Ke5 34. Nxc2 1-0

[Event "Early-Titled-Tuesday-Blitz-February-20-2024"]
[Site "Chess.com"]
[Date "2024.02.20"]
[Round "2"]
[White "bilosuvenosu06"]
[Black "WiktoriaPOL"]
[Result "0-1"]
[WhiteElo "2507"]
[BlackElo "2289"]
[TimeControl "180+1"]
[EndTime "8:17:17 PST"]
[Termination "WiktoriaPOL won by checkmate"]

1. d4 Nf6 2. c4 g6 3. Nc3 Bg7 4. e4 d6 5. Nf3 O-O 6. Be2 e5 7.
O-O Nc6 8. dxe5 dxe5 9. h3 Re8 10. Be3 Be6 11. b3 Qe7 12. Qd2 Rad8 13. Qb2 Nd4 14. Nd5 Bxd5 15. exd5 Nd7 16. Bxd4 exd4 17. Bd3 Nc5 18.
Rad1 Qf6 19. Qc2 c6 20. dxc6 bxc6 21. b4 Ne6 22. Nd2 Nf4 23. Ne4 Qh4 24. Ng3 f5 25. Rfe1 Be5 26. c5 Qg5 27. b5 cxb5 28. Bxb5 Re7 29. Bc4+ Kg7 30. Qb3 Rde8 31. c6 h5 32.
Qf3 h4 33. Ne2 Nxe2+ 34. Rxe2 Qf6 35. Rde1 Bc7 36. Rxe7+ Rxe7 37. Rb1 Qd6 38. g3 hxg3 39. fxg3 Re3 40. Qd5 Qxg3+ 41. Kf1 Rf3+ 42. Ke2 Rf2+ 43. Kd1 Qg1+ 44. Bf1 Qxf1# 0-1

[Event "Early-Titled-Tuesday-Blitz-February-20-2024"]
[Site "Chess.com"]
[Date "2024.02.20"]
[Round "2"]
[White "RCone"]
[Black "pedro_nascimento85"]
[Result "1-0"]
[WhiteElo "2443"]
[BlackElo "2118"]
[TimeControl "180+1"]
[EndTime "8:17:18 PST"]
[Termination "RCone won on time"]

1. e4 e6 2. d4 d5 3. e5 c5 4.
c3 Qb6 5. Nf3 Bd7 6. Bd3 Bb5 7.
dxc5 Bxc5 8. b4 Bf8 9. Be3 Qa6 10. Bc2 Ne7 11. a4 Bc4 12. Na3 Qc6 13. Nd4 Qc7 14. f4 a6 15. Qd2 Nbc6 16. Nxc4 dxc4 17. O-O Rd8 18. Qe2 Nd5 19. Bd2 Be7 20. Nxc6 Qxc6 21. a5 O-O 22. Qe4 g6 23. Rad1 b6 24. Qf3 bxa5 25.
bxa5 Bc5+ 26. Kh1 Ne7 27. Qg3 Nf5 28. Bxf5 exf5 29. Be3 Qc7 30. Bxc5 Qxc5 31. Ra1 Rd3 32. Qg5 Rfd8 33. h4 h5 34. Qf6 Qd5 35. Qxa6 Rd2 36. Rg1 Qe4 37. Qf6 Qxf4 38. e6 1-0

[Event "Early-Titled-Tuesday-Blitz-February-20-2024"]
[Site "Chess.com"]
[Date "2024.02.20"]
[Round "2"]
[White "Andrey_Klymchuk"]
[Black "margarita_2703"]
[Result "1/2-1/2"]
[WhiteElo "2729"]
[BlackElo "2381"]
[TimeControl "180+1"]
[EndTime "8:17:21 PST"]
[Termination "Game drawn - insufficient material"]

1. e4 e5 2. Nf3 Nc6 3. Nc3 Nf6 4. g3 Bc5 5. Bg2 d6 6. d3 O-O 7. Na4 h6 8. O-O Re8 9. h3 Nd4 10. Nxd4 Bxd4 11. c3 Bb6 12. Nxb6 axb6 13. c4 Nd7 14. b3 f6 15. d4 c6 16. Be3 Nf8 17.
Qd2 c5 18. d5 f5 19. exf5 Bxf5 20. Rae1 Qf6 21. f4 exf4 22. Bxf4 Qg6 23. g4 Bd3 24. Rxe8 Rxe8 25. Rf2 Nd7 26. Kh2 Be4 27. Bxe4 Rxe4 28. Bg3 Ne5 29. Qc2 Kh7 30. Bxe5 Rxe5 31. Qxg6+ Kxg6 32. Kg3 Re3+ 33. Rf3 Rxf3+ 34. Kxf3 Kg5 35. Kg3 h5 36. h4+ Kh6 37. Kf4 hxg4 38. Kxg4 g6 39. a3 Kh7 40. Kg5 Kg7 41. h5 gxh5 42. Kxh5 Kf6 43. Kh6 b5 44. cxb5 Ke5 45. a4 Kxd5 46. a5 c4 47. bxc4+ Kc5 48. Kg6 d5 49. cxd5 Kxd5 50.
a6 bxa6 51. bxa6 Kc6 52. a7 Kb7 53. a8=Q+ Kxa8 1/2-1/2

[Event "Early-Titled-Tuesday-Blitz-February-20-2024"]
[Site "Chess.com"]
[Date "2024.02.20"]
[Round "2"]
[White "ShazilTheGOAT2006"]
[Black "artin10862"]
[Result "1-0"]
[WhiteElo "2629"]
[BlackElo "2913"]
[TimeControl "180+1"]
[EndTime "8:17:22 PST"]
[Termination "ShazilTheGOAT2006 won on time"]

1. e4 e5 2. d4 exd4 3. Qxd4 Nc6 4. Qd3 Nf6 5. Nc3 Bb4 6. Bd2 d6 7. O-O-O O-O 8. Qg3 Re8 9. f3 Be6 10. h4 Qe7 11. h5 d5 12. e5 Nd7 13. f4 d4 14.
Ne4 f5 15. Ng5 Bxd2+ 16. Rxd2 Bxa2 17. h6 g6 18. b3 Nb6 19. Kb2 Qb4 20. Qd3 a5 21.
Qb5 Qxd2 22. Bc4+ Kh8 23. Nf7+ Kg8 24. Ng5+ Kf8 25. Qc5+ Re7 26. Nxh7+ Ke8 27. Nf6+ Kd8 28. h7 Qc3+ 29. Kc1 Re8 30. h8=Q 1-0

[Event "Early-Titled-Tuesday-Blitz-February-20-2024"]
[Site "Chess.com"]
[Date "2024.02.20"]
[Round "2"]
[White "GMT4114"]
[Black "BallottiLuca"]
[Result "0-1"]
[WhiteElo "2025"]
[BlackElo "2433"]
[TimeControl "180+1"]
[EndTime "8:17:22 PST"]
[Termination "BallottiLuca won by checkmate"]

1. e4 c5 2. Nc3 e6 3. Nge2 Nc6 4.
g3 d5 5. exd5 exd5 6. d4 Bg4 7.
Bg2 Nxd4 8. h3 Bf3 9. Kf1 Qf6 10.
Qd3 Bxg2+ 11. Kxg2 Nxe2 12. Qxe2+ Ne7 13. Nxd5 Qc6 14. c4 O-O-O 15. Rd1 Nxd5 16. cxd5 Rxd5 17. Rxd5 Qxd5+ 18. Kg1 Bd6 19. Be3 Re8 20. Qg4+ f5 21. Qh5 g6 22. Rd1 Qe6 23. Qxh7 Bxg3 24. Bxc5 Bc7 25.
Be3 f4 26. Rc1 Qe5 27. Bxa7 f3 28. Qxg6 Qe1+ 29. Rxe1 Rxe1# 0-1

[Event "Early-Titled-Tuesday-Blitz-February-20-2024"]
[Site "Chess.com"]
[Date "2024.02.20"]
[Round "2"]
[White "pfalcon1949"]
[Black "manipun1"]
[Result "0-1"]
[WhiteElo "1976"]
[BlackElo "2418"]
[TimeControl "180+1"]
[EndTime "8:17:22 PST"]
[Termination "manipun1 won by resignation"]

1. e4 d6 2. d4 Nf6 3. Nc3 e5 4.
dxe5 dxe5 5. Qxd8+ Kxd8 6. Bg5 Be6 7. O-O-O+ Nd7 8. f3 c6 9. Kb1 Kc7 10. h4 b5 11. Nh3 a5 12. Nf2 a4 13. h5 h6 14. Be3 b4 15. Ne2 b3 16. Nc1 Bc5 17. Bxc5 Nxc5 18. Nfd3 Nxd3 19. Bxd3 Rhb8 20. axb3 axb3 21.
cxb3 Bxb3 22. Nxb3 Rxb3 23. Bc2 Rb4 24. Rd3 Rab8 25. b3 Nd7 26. Kb2 Nc5 27. Rc3 Na4+ 28.
Kc1 Nxc3 29. Kd2 Nb5 30. Ke3 Nd4 31. Bd1 Nxb3 32. Bxb3 Rxb3+ 33. Kf2 c5 34. Kg3 c4 35.
Rc1 c3 36. Kh4 Kc6 37. Kg4 Kc5 38. Kf5 f6 39. f4 exf4 40. Kxf4 Kc4 41. g4 Rb2 42.
Kf5 c2 43. Kg6 R8b7 44. g5 hxg5 45. h6 gxh6 46. Kxf6 Kd3 47. e5 Rb1 48. Rxc2 Kxc2 49. e6 Re1 0-1